 Dungeon Crawl Stone Soup version 0.31-a0-924-ge39a22a033 (webtiles) character file.

Game seed: 9208954434790694486

511 Morbidden the Ruffian (level 6, -3/50 HPs)
             Began as a Draconian Shapeshifter on Oct 18, 2023.
             Slain by Duvessa
             ... wielding a +0 short sword
              (11 damage)
             ... on level 4 of the Dungeon.
             The game lasted 00:05:20 (3003 turns).

Morbidden the Ruffian (Draconian Shapeshifter)      Turns: 3003, Time: 00:05:21

Health: -3/50      AC:  0    Str: 16    XL:     6   Next: 99%
Magic:  7/7        EV: 14    Int: 12    God:
Gold:   251        SH:  0    Dex: 11    Spells: 1/7 levels left

rFire   . .          .
                       - Unarmed
rCold   . . .        (shield currently unavailable)
rNeg    . . .        (body armour unavailable)
rPois   .            (helmet currently unavailable)
rElec   .            (cloak currently unavailable)
rCorr   .            (gloves currently unavailable)
SInv    .            (boots currently unavailable)
Will    .....        (no amulet)
Stlth   +            r - melded ring of see invisible
HPRegen 0.28/turn    v - melded ring of protection from cold
MPRegen 0.10/turn

%: no passive effects
@: pig-form (expiring), very quick
A: fast, no casting, AC +6, small, unfitting armour, (cold-blooded)
a: no special abilities


You were on level 4 of the Dungeon.
You were a filthy swine.
You visited 1 branch of the dungeon, and saw 4 of its levels.

You collected 251 gold pieces.

Inventory:

Missiles
 l - a throwing net
 p - 15 poisoned darts (quivered)
Jewellery
 q - a ring of ice
 r - a ring of see invisible (melded)
 v - a ring of protection from cold (melded)
Talismans
 b - a beast talisman
 c - a flux talisman
Wands
 h - a wand of paralysis (7)
 j - a wand of polymorph (27)
Scrolls
 d - 2 scrolls of enchant weapon {unknown}
 f - a scroll of fog {unknown}
 i - a scroll of vulnerability {unknown}
 k - 3 scrolls of identify {unknown}
 n - a scroll of torment {unknown}
 u - a scroll of immolation {unknown}
Potions
 a - a potion of lignification
 e - a potion of curing
 g - a potion of degeneration {unknown}
 m - a potion of invisibility {unknown}
 o - a potion of resistance {unknown}
 s - a potion of brilliance {unknown}
 t - a potion of enlightenment {unknown}
 w - a potion of haste {unknown}
 x - a potion of attraction {unknown}


   Skills:
 * Level 2.4 Fighting
 * Level 2.9 Dodging
 + Level 0.4 Stealth
 * Level 5.9 Unarmed Combat
 * Level 1.2 Spellcasting
 * Level 4.3 Shapeshifting


You had one spell level left.
You knew the following spells:

 Your Spells              Type           Power      Damage    Failure   Level
a - Starburst             Conj/Fire      0%         6d3       100%        6

Your spell library contained the following spells:

 Spells                   Type           Power      Damage    Failure   Level
 Summon Small Mammal      Summ           0%         N/A       30%         1
 Call Canine Familiar     Summ           0%         N/A       65%         3
 Dazzling Flash           Conj/Hex       0%         N/A       65%         3
 Sigil of Binding         Hex            0%         N/A       65%         3
 Summon Guardian Golem    Hex/Summ       0%         N/A       65%         3
 Volatile Blastmotes      Fire/Tloc      0%         2d10      65%         3
 Dimensional Bullseye     Hex/Tloc       0%         N/A       96%         4
 Leda's Liquefaction      Hex/Erth       0%         N/A       96%         4
 Maxwell's Capacitive Co  Air            0%         ∞         100%        8


Dungeon Overview and Level Annotations

Branches:
Dungeon (4/15)
 Temple: D:4-7

Altars:
Uskayaw
Xom

Annotations:
D:4 Dowan, Duvessa


Innate Abilities, Weirdness & Mutations

You are a filthy swine.
You move quickly.
Your equipment is almost entirely melded.
You are incapable of wielding weapons or throwing items.
You cannot cast spells.
((Your plain brown scales are hard. (AC +6)))
You cannot fit into any form of body armour.
((You are cold-blooded and may be slowed by cold attacks.))


Message History

Duvessa attacks as she pursues you! Duvessa hits you with a +0 short sword!
* * * LOW HITPOINT WARNING * * *
Duvessa attacks as she pursues you! Duvessa barely misses you.
Duvessa closely misses you.
Unknown command.
Duvessa attacks as she pursues you! Duvessa closely misses you.
Unknown command.
Unknown command.
It was a potion of curing.
You feel better. Duvessa hits you with a +0 short sword!
* * * LOW HITPOINT WARNING * * *
Unknown command.
Unknown command.
Unknown command.
You feel better. Duvessa hits you with a +0 short sword!
* * * LOW HITPOINT WARNING * * *
Unknown command.
Unknown command.
Unknown command.
Unknown command.
You feel better. Duvessa completely misses you.
Unknown command.
Unknown command.
Unknown command.
Duvessa hits you with a +0 short sword.
* * * LOW HITPOINT WARNING * * *
Unknown command.
Unknown command.
Unknown command.
Unknown command.
You feel better.
Your transformation is almost over.
Duvessa closely misses you. Duvessa hits you with a +0 short sword.
* * * LOW HITPOINT WARNING * * *
Unknown command.
Unknown command.
Unknown command.
Unknown command.
Duvessa attacks as she pursues you! Duvessa hits you with a +0 short sword!
You die...

......................
#...#.................
...................... ##########
#####...#######'#.....
.......#.###...#...####....#.....
.......#...........+..'....#.....
..##....#....e.....####....#####.
........#.#####e...# #....#...'.
.###....#.# #.h..# #....#.###.
#######.#.# #....# #....#.# ##
......#.#.########.# #....#.#
#####.#.#.e..e...#.####....#.#
....#.#.########.#...........#
....>.#.. ################
###.##### #....... ..#.# #.######
#.#.# #.#


You could see Duvessa (fast) and Dowan.

Vanquished Creatures
  Sigmund (D:2)
  A phantom (D:4)
  Jessica (D:2)
  Natasha (twice) (D:2)
  3 gnolls (D:2)
  8 adders
  A worm (D:4)
  A dart slug (D:2)
  6 orcs (D:4)
  7 endoplasms
  3 giant cockroaches
  8 goblins
  10 hobgoblins
  6 jackals (D:1)
  9 quokkas
  14 ball pythons
  4 bats
  4 frilled lizards
  4 kobolds
  7 rats
100 creatures vanquished.

Notes
Turn   | Place    | Note
-------+----------+-------------------------------------------
     0 | D:1      | Morbidden the Draconian Shapeshifter began the quest for
                  | the Orb.
     0 | D:1      | Reached XP level 1. HP: 16/16 MP: 1/1
   264 | D:1      | Reached XP level 2. HP: 23/23 MP: 2/2
   384 | D:1      | Reached XP level 3. HP: 28/28 MP: 3/3
   830 | D:2      | Reached skill level 4 in Unarmed Combat
   846 | D:2      | Reached XP level 4. HP: 6/35 MP: 4/4
  1159 | D:2      | Noticed Jessica
  1165 | D:2      | Killed Jessica
  1214 | D:2      | Noticed Natasha
  1228 | D:2      | Killed Natasha
  1310 | D:2      | Noticed Sigmund
  1317 | D:2      | Killed Sigmund
  1318 | D:2      | Reached skill level 5 in Unarmed Combat
  1318 | D:2      | Reached XP level 5. HP: 37/41 MP: 4/6
  1318 | D:2      | Reached XP level 6. HP: 44/48 MP: 4/7
  1536 | D:2      | Noticed Natasha
  1548 | D:2      | Killed Natasha
  1778 | D:3      | Reached skill level 1 in Spellcasting
  1846 | D:3      | Found a faded altar of an unknown god.
  2241 | D:3      | Found a shimmering altar of Xom.
  2405 | D:4      | Found a hide-covered altar of Uskayaw.
  2807 | D:4      | Learned a level 6 spell: Starburst
  2978 | D:4      | Noticed Duvessa
  2979 | D:4      | Noticed Dowan
  3003 | D:4      | Slain by Duvessa

Illustrated notes

Levels and vault maps discovered:
D:1:      minmay_arrival_checkered_box, layout_loops_ring
D:2:      layout_rooms, eino_tiny_chamber, uniq_natasha, uniq_jessica,
          uniq_sigmund
D:3:      layout_rooms, lemuel_doored_altar,
          hellmonk_ecumenical_altar_slurped_away, eino_curves_04, minmay_puff
D:4:      layout_basic, lemuel_coloured_pillars_altar,
          mainiacjoe_overflow_brackets, uniq_duvessa

Skill      XL: |  1  2  3  4  5  6 |
---------------+-------------------+-----
Dodging        | 2 |  2.9
Unarmed Combat | 4 5 |  5.9
Shapeshifting  | 4 |  4.3
Fighting       | 2 |  2.4
Spellcasting   | 1 |  1.2
Stealth        | |  0.4

Action                     |  1- 3 |  4- 6 || total
---------------------------+-------+-------++-------
  Melee: Unarmed           |    87 |   179 ||   266
         Tailslap          |     4 |    18 ||    22
         Punch             |       |     3 ||     3
    Use: Potion            |     1 |     4 ||     5
   Stab: Sleeping          |       |     2 ||     2
 Armour: Skin              |    54 |   101 ||   155
  Dodge: Dodged            |    59 |   110 ||   169

Table legend: (Time is in decaauts)
 A = Elapsed time spent in this place.
 B = Non-inter-level travel time spent in this place.
 C = Inter-level travel time spent in this place.
 D = Time resting spent in this place.
 E = Time spent auto-exploring this place.
 F = Levels seen in this place.
 G = Mean time per level.
                   A        B        C        D        E       F      G
               +--------+--------+--------+--------+--------+-----+--------+
         Total |   2984 |   2910 |     74 |    215 |   2007 |   4 |  746.0 |
       Dungeon |   2984 |   2910 |     74 |    215 |   2007 |   4 |  746.0 |
               +--------+--------+--------+--------+--------+-----+--------+

Top non-repeatable levels by time:
     D:2: 916 daAuts
     D:1: 763 daAuts
     D:3: 694 daAuts
     D:4: 608 daAuts
